 Dungeon Crawl Stone Soup version 0.28.0-53-g5a82cb258f (webtiles) character file.

Game seed: 10305953661992714982

21867 Gabide the Impaler (level 13, -2/85 (94) HPs)
             Began as a Human Monk on May 29, 2022.
             Was the Champion of Hepliaklqana.
             Slain by a spectral orc warlord
             ... wielding a +0 war axe
             ... summoned by Nergalle
              (9 damage)
             ... on level 3 of the Lair of Beasts.
             The game lasted 00:39:02 (16778 turns).

Gabide the Impaler (Human Monk)                    Turns: 16778, Time: 00:39:03

HP:   -2/85 (94)    AC: 10    Str: 12    XL:     13   Next: 23%
MP:   13/13         EV: 27    Int: 11    God:    Hepliaklqana [******]
Gold: 869           SH:  5    Dex: 20    Spells: 12/12 levels left

rFire   . . .      SeeInvis .   a - +4 halberd (elec)
rCold   . . .      Faith    .   (shield currently unavailable)
rNeg    . . .      Spirit   .   o - +1 robe "Ukkev" {rPois Will+ rCorr Stlth+}
rPois   +          Reflect  +   w - +1 helmet
rElec   .          Harm     .   i - +0 cloak "Icsacki" {+Inv}
rCorr   +          Rampage  .   d - +2 pair of gloves
Will    +....                   J - +0 pair of boots
Stlth   +++.......              e - amulet of reflection
HPRegen 0.24/turn               f - +4 ring of evasion
MPRegen 0.13/turn               m - +4 ring of evasion

@: drained
A: reduced essence
a: Renounce Religion, Evoke Invisibility, Recall Ancestor, Ancestor Identity,
Transference, Idealise


You were on level 3 of the Lair of Beasts.
You worshipped Hepliaklqana.
Hepliaklqana was exalted by your worship.
You visited 2 branches of the dungeon, and saw 15 of its levels.
You also visited: Sewer and Bailey.

You collected 869 gold pieces.

Inventory:

Hand Weapons
 a - a +4 halberd of electrocution (weapon)
 x - a +1 vampiric spear
 R - the +7 pair of quick blades "Gyre" and "Gimble" {protect}
   (You found it on level 8 of the Dungeon)

   It grants its wielder temporary protection when it strikes (+7 to AC).
Missiles
 q - 11 poisoned darts
Armour
 d - a +2 pair of gloves (worn)
 i - the +0 cloak "Icsacki" (worn) {+Inv}
   (You found it on level 2 of the Dungeon)

   +Inv:      It lets you turn invisible.
 o - the +1 robe "Ukkev" (worn) {rPois Will+ rCorr Stlth+}
   (You took it off an orc wizard on level 4 of the Dungeon)

   rPois:     It protects you from poison.
   rCorr:     It protects you from acid and corrosion.
   Will:      It increases your willpower.
   Stlth:     It makes you more stealthy.
 w - a +1 helmet (worn)
 J - a +0 pair of boots (worn)
Magical Staves
 T - a staff of cold
Jewellery
 e - an amulet of reflection (around neck)
 f - a +4 ring of evasion (left hand)
 m - a +4 ring of evasion (right hand)
 z - a ring of poison resistance
 I - a ring of magical power
Wands
 c - a wand of paralysis (3) (quivered)
 t - a wand of polymorph (19)
 A - a wand of flame (31)
 G - a wand of charming (12)
 U - a wand of iceblast (3)
Scrolls
 g - 16 scrolls of teleportation
 h - 4 scrolls of fog
 k - 2 scrolls of vulnerability
 l - 6 scrolls of blinking
 p - a scroll of silence
 s - 3 scrolls of magic mapping
 u - 3 scrolls of immolation
 v - a scroll of amnesia
Potions
 b - 6 potions of haste
 j - 5 potions of curing
 n - 5 potions of mutation
 r - 5 potions of cancellation
 B - 2 potions of attraction {unknown}
 C - 4 potions of brilliance
 D - 5 potions of might
 E - a potion of invisibility
 F - a potion of resistance {unknown}
 H - 9 potions of heal wounds
 K - 2 potions of magic {unknown}
 L - a potion of experience
 M - 8 potions of ambrosia
 N - 4 potions of flight


   Skills:
 + Level 10.9 Fighting
 - Level 16.0 Polearms
 - Level 2.0 Throwing
 - Level 10.0 Dodging
 - Level 2.0 Stealth


You had 12 spell levels left.
You didn't know any spells.
Your spell library contained the following spells:

 Spells                   Type           Power      Damage    Failure   Level
 Foxfire                  Conj/Fire      0%         2x1d4     34%         1
 Ensorcelled Hibernation  Hex/Ice        0%         N/A       47%         2
 Conjure Flame            Conj/Fire      0%         6-21      71%         3
 Inner Flame              Hex/Fire       0%         N/A       71%         3
 Portal Projectile        Hex/Tloc       0%         N/A       71%         3
 Flame Wave               Conj/Fire      0%         2d4       98%         4
 Passage of Golubria      Tloc           0%         N/A       98%         4
 Petrify                  Tmut/Erth      0%         N/A       98%         4
 Borgnjor's Vile Clutch   Necr/Erth      0%         N/A       100%        5
 Fireball                 Conj/Fire      0%         3d3       100%        5
 Iskenderun's Battlesphe  Conj           0%         2d6       100%        5
 Metabolic Englaciation   Hex/Ice        0%         N/A       100%        5
 Silence                  Hex/Air        0%         N/A       100%        5
 Conjure Ball Lightning   Conj/Air       0%         3x3d6     100%        6
 Statue Form              Tmut/Erth      0%         N/A       100%        6
 Orb of Destruction       Conj           0%         9d5       100%        7
 Lehudib's Crystal Spear  Conj/Erth      0%         10d2      100%        8


Dungeon Overview and Level Annotations

Branches:
Dungeon (12/15)            Temple (0/1) D:5            Lair (3/6) D:8
 Shoals (0/4) Lair:2        Snake (0/4) Lair:2          Orc (0/2) D:12
  Sewer (visited)          Bailey (visited)

Altars:
Ashenzari
Cheibriados
Dithmenos
Gozag
Hepliaklqana
Kikubaaqudgha
Makhleb
Ru
Wu Jian
Xom
Zin

Shops:
D:4 :

Annotations:
D:7 1 runed translucent door, 101zpm's ghost, novice DjFE
Lair:3 Nergalle


Message History

You hit Nergalle but do no damage.
Nergalle is lightly wounded.
You block the spectral orc warlord's attack.
The spectral orc warlord hits Citlalmina with a +0 war axe.
Citlalmina hits the spectral orc warlord with a +0 flail.
You puncture Nergalle!
Nergalle is moderately wounded.
The spectral orc warrior completely misses you.
Nergalle casts a spell at you. The bolt of negative energy misses you.
The bolt of negative energy hits the spectral orc warrior.
The spectral orc warrior completely resists.
The spectral orc knight hits Citlalmina with a +2 long sword!
The spectral orc warlord misses you.
The spectral orc warlord hits Citlalmina with a +0 war axe!
You hit Nergalle. Lightning courses through Nergalle!
Nergalle is severely wounded.
Citlalmina hits the spectral orc knight with a +0 flail!
You block the spectral orc warrior's attack.
Nergalle casts a spell at the spectral orc knight.
The spectral orc knight seems to speed up.
The spectral orc warrior hits you with a +0 trident!
You feel drained.
The spectral orc knight hits Citlalmina with a +2 long sword!!
Citlalmina is destroyed!
You closely miss Nergalle.
Nergalle is severely wounded.
The spectral orc warlord barely misses you.
Nergalle completely misses you.
You block the spectral orc warrior's attack.
The spectral orc warrior completely misses you.
You hit Nergalle.
Nergalle is severely wounded.
You hear the slow rumble of a very distant avalanche of rocks.
The spectral orc knight hits you with a +2 long sword!
You feel drained.
The spectral orc warlord hits you with a +0 war axe!!
* * * LOW HITPOINT WARNING * * *
You feel drained.
You die...

.....##.#..PP#.####
..######.†........##
..#####.......###..###
..............##......
....................#
..P............P..##
...#..............#
..##.........ZZZ.#
##...#..#.#@Z#.#
......###..<##o......
###### ###..#.......
..######[.# P.# ..
##.. . #.#


You could see Nergalle, 2 spectral orc warriors, a spectral orc knight
(summoned, fast) and a spectral orc warlord (summoned).

Vanquished Creatures
  Josephine (D:11)
  Erolcha (D:9)
  2 two-headed ogres
  A manticore (D:11)
  3 cane toads
  A gargoyle (D:12)
  2 kobold demonologists (D:11)
  3 komodo dragons
  2 tengu conjurers (D:10)
  A shadow (D:12)
  2 wyverns
  A spriggan (D:7)
  7 yaks (Lair:1)
  5 wraiths (D:11)
  Grum (D:11)
  2 nagas (Lair:2)
  7 water moccasins
  Duvessa (D:4)
  3 orc warriors
  2 black bears
  An ogre (D:5)
  4 wolves (D:11)
  6 centaurs
  2 phantoms
  4 kobold brigands
  4 bullfrogs
  A gnoll sergeant (D:7)
  6 scorpions
  Dowan (D:4)
  20 killer bees
  3 howler monkeys
  An electric eel (Lair:2)
  3 centaur zombies
  A bullfrog zombie (D:6)
  2 hounds
  2 jellies (Sewer)
  5 orc priests
  A centaur skeleton (D:5)
  An iguana (D:4)
  8 orc wizards
  A hound skeleton (D:5)
  33 gnolls
  2 howler monkey skeletons
  7 adders
  2 river rats (Sewer)
  2 white imps (D:7)
  2 adder skeletons (D:4)
  A worm (D:2)
  4 dart slugs
  40 orcs
  7 bats
  10 endoplasms
  5 giant cockroaches
  9 goblins
  12 hobgoblins
  2 jackals (D:1)
  50 kobolds
  3 quokkas
  9 ball pythons
  4 frilled lizards
  9 rats
338 creatures vanquished.

Vanquished Creatures (collateral kills)
  A hydra (Lair:3)
  2 two-headed ogres
  Sonja (D:11)
  2 cyclopes
  A centaur zombie (D:11)
  2 cane toads (Lair:3)
  A queen bee (Lair:1)
  A polar bear (Lair:3)
  2 wraiths (D:11)
  A basilisk (D:12)
  A vampire (D:11)
  4 yaks
  A naga (Lair:2)
  An acid dragon (D:10)
  An orc warrior (D:6)
  An ice beast (D:8)
  A necrophage (D:6)
  2 ogres
  3 centaurs
  A kobold brigand (D:11)
  A bullfrog (D:7)
  2 wyvern zombies (D:6)
  2 scorpions
  13 killer bees
  A vampire bat (D:8)
  2 howler monkeys
  2 jellies
  An iguana (D:7)
  4 orc wizards
  5 gnolls
  An adder (Sewer)
  An ufetubus (D:5)
  8 orcs
  A ball python (Sewer)
  An endoplasm (Sewer)
  2 giant cockroaches (Sewer)
  2 bats (D:8)
  A frilled lizard (Sewer)
  2 rats (Sewer)
82 creatures vanquished.

Vanquished Creatures (others)
  3 knights
  20 fungi (D:8)
  24 plants
47 creatures vanquished.

Grand Total: 467 creatures vanquished

Notes
Turn   | Place    | Note
-------+----------+-------------------------------------------
     0 | D:1      | Gabide the Human Monk began the quest for the Orb.
     0 | D:1      | Reached XP level 1. HP: 18/18 MP: 1/1
   129 | D:1      | Reached XP level 2. HP: 20/24 MP: 2/2
   198 | D:1      | Found a faded altar of an unknown god.
   475 | D:1      | Reached skill level 4 in Polearms
   475 | D:1      | Reached XP level 3. HP: 28/29 MP: 3/3
  1352 | D:2      | Reached XP level 4. HP: 28/35 MP: 4/4
  1570 | D:2      | Got the Tome of Dusty Beguiling
  1601 | D:2      | Reached skill level 5 in Polearms
  1601 | D:2      | Found a shimmering altar of Xom.
  1703 | D:2      | Identified the +0 cloak "Icsacki" {+Inv}
  2453 | D:3      | Reached XP level 5. HP: 41/41 MP: 5/5
  2468 | D:3      | Noticed a kobold brigand
  2496 | D:3      | Killed a kobold brigand
  2497 | D:3      | Reached skill level 6 in Polearms
  2686 | D:3      | Reached XP level 6. HP: 35/47 MP: 6/6
  3134 | D:3      | Reached skill level 5 in Fighting
  3134 | D:3      | Reached XP level 7. HP: 14/56 MP: 7/7
  4268 | D:3      | Reached skill level 5 in Dodging
  4514 | D:3      | Reached skill level 1 in Throwing
  4955 | D:4      | Found an ancient bone altar of Kikubaaqudgha.
  4958 | D:4      | Found an ornate altar of the Wu Jian Council.
  4960 | D:4      | Found a snail-covered altar of Cheibriados.
  5042 | D:4      | Noticed Dowan
  5046 | D:4      | Noticed Duvessa
  5053 | D:4      | Killed Duvessa
  5054 | D:4      | Reached XP level 8. HP: 27/62 MP: 8/8
  5080 | D:4      | Killed Dowan
  5332 | D:4      | Reached skill level 7 in Polearms
  5587 | D:4      | Identified the +1 robe "Ukkev" {rPois Will+ rCorr Stlth+}
  5712 | D:4      | Found Biamas's Book Boutique.
  6008 | D:4      | Found a hazy altar of Hepliaklqana.
  6008 | D:4      | Found a shadowy altar of Dithmenos.
  6010 | D:4      | Noticed a shadow
  6165 | D:4      | Became a worshipper of Hepliaklqana the Forgotten
  6165 | D:4      | Reached * piety under Hepliaklqana
  6165 | D:4      | Reached ** piety under Hepliaklqana
  6166 | D:4      | Remembered your ancestor Citlalmina as a knight
  6499 | D:5      | Entered Level 5 of the Dungeon
  6512 | D:5      | Reached skill level 8 in Polearms
  6789 | D:5      | Reached skill level 9 in Polearms
  6789 | D:5      | Reached XP level 9. HP: 61/61 MP: 9/9
  6995 | D:5      | Found a staircase to the Ecumenical Temple.
  7448 | D:6      | Reached skill level 10 in Polearms
  7582 | D:6      | Found a glowing drain.
  7586 | Sewer    | Entered a sewer
  7688 | Sewer    | Found a viscous altar of Jiyva.
  7828 | D:6      | Reached *** piety under Hepliaklqana
  7873 | D:6      | Reached skill level 11 in Polearms
  7938 | D:6      | Found a sacrificial altar of Ru.
  8017 | D:7      | Found a runed translucent door.
  8017 | D:7      | Found a shimmering altar of Xom.
  8017 | D:7      | Noticed 101zpm's ghost (novice DjFE)
  8018 | D:7      | Noticed a +1 mace of chaos
  8344 | D:7      | Found an opulent altar of Gozag.
  8387 | D:7      | Reached XP level 10. HP: 65/66 MP: 10/10
  8553 | D:7      | Reached skill level 12 in Polearms
  8764 | D:8      | Found a flagged portal.
  8772 | Bailey   | Entered a bailey
  9260 | D:8      | Identified the +8 whip of the Rat {vorpal, Drain rPois
                  | Will+++ Int-3}
  9269 | D:8      | Noticed a komodo dragon
  9278 | D:8      | Killed a komodo dragon
  9279 | D:8      | Reached skill level 13 in Polearms
  9325 | D:8      | Found a staircase to the Lair.
  9494 | D:8      | Reached **** piety under Hepliaklqana
 10482 | D:8      | Noticed a two-headed ogre
 10482 | D:8      | Noticed a two-headed ogre
 10495 | D:8      | Killed a two-headed ogre
 10496 | D:8      | Reached skill level 14 in Polearms
 10846 | D:8      | Found the +7 pair of quick blades "Gyre" and "Gimble"
                  | {protect}
 10984 | D:9      | Noticed a cyclops
 10992 | D:9      | Killed a cyclops
 10993 | D:9      | Reached XP level 11. HP: 47/71 MP: 11/11
 11251 | D:9      | Found a broken altar of Ashenzari.
 11251 | D:9      | Found a glowing silver altar of Zin.
 11252 | D:9      | Found a shimmering altar of Xom.
 11321 | D:9      | Noticed Erolcha
 11346 | D:9      | Killed Erolcha
 11347 | D:9      | Reached skill level 15 in Polearms
 11377 | D:9      | Found a burning altar of Makhleb.
 11547 | D:10     | Entered Level 10 of the Dungeon
 11589 | D:10     | Reached ***** piety under Hepliaklqana
 11729 | D:10     | Identified the +8 chain mail of Twilight {Stlth+}
 11853 | D:10     | Identified the +6 scale mail "Pufaadur" {rCorr}
 12020 | D:10     | Noticed a green ugly thing
 12020 | D:10     | Noticed a boulder beetle
 12020 | D:10     | Noticed a boulder beetle
 12395 | D:11     | Noticed a two-headed ogre
 12401 | D:11     | Noticed Sonja
 12404 | D:11     | Reached skill level 16 in Polearms
 12410 | D:11     | Killed a two-headed ogre
 12427 | D:11     | Noticed Josephine
 12432 | D:11     | Killed Josephine
 12458 | D:11     | Killed Sonja
 12521 | D:11     | Reached XP level 12. HP: 41/82 MP: 12/12
 13414 | D:11     | Noticed Grum
 13428 | D:11     | Killed Grum
 13935 | D:12     | Found a staircase to the Orcish Mines.
 13986 | D:12     | Reached skill level 10 in Fighting
 14069 | D:12     | Noticed a two-headed ogre
 14079 | D:12     | Killed a two-headed ogre
 14114 | D:12     | Identified the +6 flail of Tannadd {flame, MP+9 Str-3
                  | Stlth+}
 14225 | D:12     | Noticed a skeletal warrior
 14225 | D:12     | Noticed a boulder beetle
 14384 | D:8      | Killed a two-headed ogre
 14398 | Lair:1   | Entered Level 1 of the Lair of Beasts
 15744 | Lair:2   | Reached XP level 13. HP: 88/92 MP: 13/13
 15794 | Lair:2   | Found a staircase to the Shoals.
 15821 | Lair:2   | Found a staircase to the Snake Pit.
 16118 | Lair:2   | Reached skill level 10 in Dodging
 16521 | Lair:3   | Noticed a four-headed hydra
 16535 | Lair:3   | Killed a four-headed hydra
 16613 | Lair:3   | Reached ****** piety under Hepliaklqana
 16757 | Lair:3   | Noticed Nergalle
 16778 | Lair:3   | Slain by a spectral orc warlord

Illustrated notes

Levels and vault maps discovered:
D:1:      dpeg_arrival_tiny_j, layout_basic, basic_ecumenical_altar
D:2:      layout_loops_corners, basic_altar, hangedman_decor_growths
D:3:      minmay_goblin_kobold_castle, layout_basic
D:4:      kennysheep_spiral_hall, layout_basic,
          riverfiend_overflow_shadow_ancestor, nicolae_overflow_hidden_temple,
          serial_shops, shop, kennysheep_generic_room_12, uniq_duvessa
D:5:      layout_loops_ring, minmay_temple_entry_offerings
D:6:      layout_gridville, nicolae_ru_path_of_blood, gup_sewer_entry_bowl
D:7:      layout_cave_pools, nicolae_gozag_seed_capital, ebering_ghost_xom,
          minmay_crystal_room
D:8:      layout_loops_corners, due_lair_maze_entry_diamond, enter_bailey_2,
          roderic_batcave, hangedman_glass_teeth,
          hellmonk_guarded_unrand_gyre_and_gimble
D:9:      layout_cave_pools, chequers_temple_overflow_statue_of_worship,
          kennysheep_little_box, eino_curves_03, uniq_erolcha
D:10:     layout_roguey, lightli_corner_chamber
D:11:     layout_loops_ring, uniq_grum, uniq_sonja, uniq_josephine
D:12:     layout_rooms, orc_0_dummy, nicolae_trove_entry_crossroad,
          minmay_joined_circles
Lair:1:   layout_cave_pods, special_room [special_room_bee]
Lair:2:   layout_long_grid, elwin_shoals_entry_rocks,
          guppyfry_snake_entry_island, chequers_serial_rivers_large_b,
          serial_bayou_shore_a, grunt_megastairs_4
Lair:3:   layout_loops_ring, lightli_volcano_entry_magma_tube,
          kennysheep_rathole, uniq_nergalle

Skill      XL: |  1  2  3  4  5  6  7  8  9 10 11 12 13 |
---------------+----------------------------------------+-----
Polearms       | 4 5 6 9 11 14 16 | 16.0
Fighting       | 5 8 10 | 10.9
Dodging        | 5 9 10 | 10.0
Throwing       | 2 |  2.0
Stealth        | |  2.0

Action                   |  1- 3 |  4- 6 |  7- 9 | 10-12 | 13-15 || total
-------------------------+-------+-------+-------+-------+-------++-------
Melee: Spear             |   108 |   297 |   205 |    15 |    31 ||   656
       Punch             |     1 |     2 |     4 |       |     1 ||     8
       Halberd           |       |       |   285 |   435 |    56 ||   776
Throw: Dart              |       |     3 |    17 |    28 |     4 ||    52
       Throwing net      |       |       |     1 |     3 |       ||     4
Invok: Ancestor Life: Kn |       |       |     1 |       |       ||     1
       Ancestor Identity |       |       |     1 |       |       ||     1
       Recall Ancestor   |       |       |       |     4 |       ||     4
       Transference      |       |       |       |     1 |     1 ||     2
Evoke: Wand              |       |       |       |    19 |       ||    19
  Use: Scroll            |       |     6 |     8 |     8 |       ||    22
       Potion            |       |       |     3 |     6 |       ||     9
 Stab: Sleeping          |     4 |     2 |    20 |    25 |     4 ||    55
       Distracted        |       |     2 |     4 |     4 |     1 ||    11
       Invisible         |       |       |     4 |     8 |       ||    12
       Paralysed         |       |       |       |     3 |       ||     3
Armor: Robe              |     9 |    46 |    46 |    44 |     4 ||   149
       Skin              |       |       |     1 |       |       ||     1
Dodge: Dodged            |    40 |   168 |   334 |   305 |    45 ||   892
Block: Other             |     6 |    67 |    66 |    55 |    13 ||   207
       Reflection        |       |     4 |       |     4 |       ||     8
